 Dungeon Crawl Stone Soup version 0.21-a0-426-g98080a9 (webtiles) character file.

9 theanonym the Magician (level 2, 0/19 HPs)
             Began as a Mummy Ice Elementalist on Nov 6, 2017.
             Slain by a jackal (1 damage)
             ... on level 1 of the Dungeon.
             The game lasted 00:01:18 (279 turns).

theanonym the Magician (Mummy Ice Elementalist)      Turns: 279, Time: 00:01:18

Health: 0/19       AC:  2    Str: 11    XL:     2   Next: 3%
Magic:  0/6        EV: 12    Int: 14    God:
Gold:   10         SH:  0    Dex: 12    Spells: 6/7 levels left

rFire    x . .     SeeInvis .   c - +0 whip
rCold    + . .     Gourm    .   (no shield)
rNeg     + + +     Faith    .   a - +0 robe
rPois    ∞         Spirit   .   (no helmet)
rElec    .         Reflect  .   (no cloak)
rCorr    .         Harm     .   (no gloves)
MR       .....                  (no boots)
Stlth    ++........             (no amulet)
HPRegen  0.06/turn              (no ring)
MPRegen  0.10/turn              (no ring)

@: no status effects
A: no food or potions, fire vulnerability, cold resistance 1, negative energy
resistance 3, torment resistance, unbreathing
a: no special abilities


Innate Abilities, Weirdness & Mutations

You do not eat or drink.
Your flesh is vulnerable to fire.
You are immune to poison.
Your flesh is cold resistant. (rC+)
You are immune to negative energy. (rN+++)
You are immune to unholy pain and torment.
You can survive without breathing.


   Skills:
 - Level 1.5 Dodging
 - Level 1.5 Stealth
 + Level 3.1 Spellcasting
   Level 0.7 Conjurations
 + Level 2.7 Ice Magic


You had 6 spell levels left.
You knew the following spells:

 Your Spells              Type           Power        Failure   Level  Hunger
a - Freeze                Ice            #...         7%          1    N/A

Skill      XL: |  1 |
---------------+----+-----
Spellcasting   | 3 |  3.1
Dodging        | |  1.5
Stealth        | |  1.5
Conjurations   | |  0.7
Ice Magic      | |  2.7

Action                   || total
-------------------------++-------
Melee: Whip              ||    21
 Cast: Freeze            ||    14
Armor: Robe              ||     8
Dodge: Dodged            ||    34

Inventory:

Hand Weapons
 c - a +0 whip (weapon)
   (You took it off a kobold on level 1 of the Dungeon)
Armour
 a - a +0 robe (worn)
Books
 b - a book of Frost

   Spells                             Type                      Level
   a - Freeze                         Ice                          1
   b - Throw Frost                    Conjuration/Ice              2
   c - Ozocubu's Armour               Charms/Ice                   3
   d - Throw Icicle                   Conjuration/Ice              4
   e - Summon Ice Beast               Ice/Summoning                4

Dungeon Overview and Level Annotations

Branches:
Dungeon (1/15)

Altars:


You were on level 1 of the Dungeon.
You were not hungry.

You visited 1 branch of the dungeon, and saw 1 of its levels.

You collected 10 gold pieces.


Message History

A jackal comes into view.
A jackal comes into view.
The goblin barely misses you.
You see here 8 gold pieces.
You barely miss the goblin. The goblin hits you with a dagger.
You take 1 damage, and have 12/13 hp.
Aim: a goblin, wielding a dagger You freeze the goblin.
The jackal barks! x2
The goblin barely misses you.
You now have 3/4 mp.
Aim: a goblin, wielding a dagger (heavily wounded)
You freeze the goblin.
You kill the goblin!
The jackal barks! x2
You now have 2/4 mp.
Aim: a jackal You freeze the jackal.
* * * LOW MAGIC WARNING * * *
The jackal closely misses you. The jackal completely misses you.
You now have 1/4 mp.
Aim: a jackal (severely wounded)
You miscast Freeze.
You are very lightly contaminated with residual magic.
Frost covers your body.
* * * LOW MAGIC WARNING * * *
You now have 0/4 mp.
You don't have enough magic to cast that spell.
Unknown command.
You closely miss the jackal. The jackal closely misses you.
You closely miss the jackal. The jackal closely misses you.
You hit the jackal. The jackal closely misses you. The jackal bites you.
You take 1 damage, and have 11/13 hp.
You barely miss the jackal. The jackal closely misses you. x2
You hit the jackal. The jackal bites you.
You take 1 damage, and have 11/13 hp.
You barely miss the jackal. The jackal closely misses you.
The jackal bites you.
You take 1 damage, and have 10/13 hp.
You barely miss the jackal. The jackal barely misses you.
You closely miss the jackal. The jackal closely misses you.
The jackal bites you.
You take 2 damage, and have 8/13 hp.
You miss the jackal.
The jackal bites you but does no damage.
You barely miss the jackal. The jackal barely misses you.
The jackal misses you.
You completely miss the jackal.
The jackal bites you but does no damage.
You closely miss the jackal. The jackal barely misses you.
The jackal bites you.
* * * LOW HITPOINT WARNING * * *
You take 3 damage, and have 5/13 hp.
MASSIVE DAMAGE!!
Aim: a jackal (heavily wounded)
You freeze the jackal.
You kill the jackal!
* * * LOW MAGIC WARNING * * *
The jackal completely misses you.
You now have 0/4 mp.
The jackal bites you but does no damage.
Okay, then.
You barely miss the jackal. The jackal closely misses you.
You miss the jackal. The jackal closely misses you.
The jackal bites you but does no damage.
The jackal barely misses you.
Your magical contamination has completely faded away.
The jackal closely misses you. The jackal bites you.
* * * LOW HITPOINT WARNING * * *
You take 1 damage, and have 4/13 hp.
Aim: a jackal (moderately wounded)
You freeze the jackal.
You kill the jackal!
You have reached level 2!
* * * LOW MAGIC WARNING * * *
The jackal bites you.
* * * LOW HITPOINT WARNING * * *
You now have 0/6 mp.
The jackal misses you. The jackal closely misses you. The jackal misses you.
The jackal closely misses you. The jackal bites you.
* * * LOW HITPOINT WARNING * * *
You take 2 damage, and have 4/19 hp.
The jackal bites you.
* * * LOW HITPOINT WARNING * * *
You take 3 damage, and have 1/19 hp.
Aim: a jackal You freeze the jackal.
* * * LOW MAGIC WARNING * * *
The jackal bites you but does no damage.
You now have 0/6 mp.
You barely miss the jackal. The jackal misses you.
The jackal barely misses you.
You closely miss the jackal.
The jackal bites you but does no damage.
You hit the jackal but do no damage. The jackal misses you.
The jackal bites you but does no damage.
You hit the jackal but do no damage. The jackal closely misses you.
You closely miss the jackal. The jackal bites you.
You die...

..### ####...##
....#####....###
#...#...####
#...### ###(##
#.#.# #...#
#.### #@# #h####
#######h...#
#..........#
#.#######..#
#..# #..# . ##
#..# ... #.##..#


You could see 2 jackals.

Notes
Turn   | Place    | Note
-------+----------+-------------------------------------------
     0 | D:1      | theanonym the Mummy Ice Elementalist began the quest for the Orb.
     0 | D:1      | Reached XP level 1. HP: 13/13 MP: 4/4
   207 | D:1      | Reached skill level 3 in Spellcasting
   257 | D:1      | HP: 5/13 [jackal (3)]
   266 | D:1      | HP: 4/13 [jackal (1)]
   267 | D:1      | Reached XP level 2. HP: 6/19 MP: 0/6
   271 | D:1      | HP: 4/19 [jackal (2)]
   273 | D:1      | HP: 1/19 [jackal (3)]
   279 | D:1      | Slain by a jackal

Vanquished Creatures
  A giant cockroach (D:1)
  2 goblins (D:1)
  2 jackals (D:1)
  A kobold (D:1)
  A frilled lizard (D:1)
7 creatures vanquished.
